 Dungeon Crawl Stone Soup version 0.30-a0-939-gc8157cb160 (webtiles) character file.

Game seed: 1445303329711166000

21 jimonade the Trooper (level 2, -2/27 HPs)
             Began as a Hill Orc Fighter on Mar 25, 2023.
             Slain by a shadow imp (3 damage)
             ... summoned by Natasha
             ... on level 2 of the Dungeon.
             The game lasted 00:01:20 (899 turns).

jimonade the Trooper (Hill Orc Fighter)              Turns: 899, Time: 00:01:21

Health: -2/27      AC:  8    Str: 18    XL:     2   Next: 87%
Magic:  2/2        EV:  9    Int:  8    God:
Gold:   78         SH:  4    Dex: 10    Spells: 1/1 levels left

rFire   . . .      SeeInvis .    a - +0 war axe
rCold   . . .      Faith    .    c - +0 buckler
rNeg    . . .      Spirit   .    b - +0 scale mail
rPois   .          Reflect  .    (no helmet)
rElec   .          Rampage  .    (no cloak)
rCorr   .                        (no gloves)
Will    .....                    m - +0 pair of boots Stlth
                                 (no amulet)
HPRegen 0.24/turn                (no ring)
MPRegen 0.08/turn                (no ring)

@: slowed, very slow
A: no striking features
a: no special abilities


You were on level 2 of the Dungeon.
You visited 1 branch of the dungeon, and saw 2 of its levels.

You collected 78 gold pieces.

Inventory:

Hand Weapons
 a - a +0 war axe (weapon)
Armour
 b - a +0 scale mail (worn)
 c - a +0 buckler (worn)
 m - a +0 pair of boots (worn)
Jewellery
 g - a ring of magical power
Wands
 l - a wand of roots (7)
Scrolls
 e - 2 scrolls of identify {unknown}
Potions
 d - 2 potions of might
 f - a potion of heal wounds {unknown}
 h - a potion of curing {unknown}
 i - a potion of lignification {unknown}
 j - a potion of magic {unknown}
 k - a potion of invisibility {unknown}


   Skills:
 + Level 3.8 Fighting
 + Level 3.0 Axes
 + Level 3.5 Armour
 + Level 3.6 Shields
 * Level 1.2 Invocations


You had one spell level left.
You didn't know any spells.
Your spell library was empty.

Dungeon Overview and Level Annotations

Branches:
Dungeon (2/15)

Altars:

Annotations:
D:2 Natasha


Message History

Natasha hisses.
Natasha casts a spell at you.
The magic dart hits you but does no damage.
Natasha casts a spell at you.
You feel yourself slow down. Natasha claws you but does no damage.
You hit the white imp.
The white imp is moderately wounded.
You closely miss Natasha. The white imp barely misses you.
Natasha barely misses you. You block the white imp's attack.
Natasha claws you but does no damage.
You hit the white imp.
The white imp is severely wounded.
You closely miss Natasha. The white imp hits you. The white imp freezes you.
Natasha mumbles some strange words.
The white imp closely misses you. Natasha claws you!
You closely miss Natasha. You closely miss the white imp.
You block the white imp's attack. Natasha claws you but does no damage.
The white imp lashes its tail.
The white imp hits you. The white imp freezes you.
Natasha claws you but does no damage.
You hit Natasha.
Natasha is lightly wounded.
You closely miss the white imp.
The white imp disappears in a puff of smoke!
Natasha casts a spell at you.
You feel as though you will be slow longer.
You block the shadow imp's attack. Natasha closely misses you.
The shadow imp hits you.
You slash Natasha!
Natasha is severely wounded.
You barely miss the shadow imp. Natasha closely misses you.
The shadow imp closely misses you. Natasha claws you!
* * * LOW HITPOINT WARNING * * *
You closely miss Natasha.
Natasha is severely wounded.
You hit the shadow imp. The shadow imp hits you.
* * * LOW HITPOINT WARNING * * *
Natasha claws you but does no damage. The shadow imp hits you.
You die...

........# ........#
..<.....### #
######...##.#
###..<.### ####
#...##...#####....
#####.######...§...#
#...............5§.####
##.##.#####....@h§.....
#.#..# #.######..###
#.#.## #..# # #.)†#
...## ....#....###
.##..#..## ##. <... ..
#....# .. ###.#


You could see Natasha and a shadow imp (summoned).

Vanquished Creatures
  A ball python (D:1)
  2 endoplasms
  A goblin (D:1)
  2 hobgoblins (D:1)
  2 jackals (D:2)
  5 kobolds
  A quokka (D:2)
  3 bats (D:1)
  4 rats
21 creatures vanquished.

Vanquished Creatures (others)
  2 fungi (D:1)
  A plant (D:1)
3 creatures vanquished.

Grand Total: 24 creatures vanquished

Notes
Turn   | Place    | Note
-------+----------+-------------------------------------------
     0 | D:1      | jimonade the Hill Orc Fighter began the quest for the Orb.
     0 | D:1      | Reached XP level 1. HP: 19/19 MP: 1/1
    90 | D:1      | Found a faded altar of an unknown god.
   226 | D:1      | Reached XP level 2. HP: 25/27 MP: 2/2
   689 | D:1      | Reached skill level 1 in Invocations
   889 | D:2      | Noticed Natasha
   899 | D:2      | HP: 1/27 [shadow imp[Natasha] (2)]
   899 | D:2      | Slain by a shadow imp

Illustrated notes

Levels and vault maps discovered:
D:1:      wander_arrival_desolate, layout_basic,
          shapermc_ecumenical_altar_hornbeckon
D:2:      minmay_spotlight, layout_rooms, basic_altar, uniq_natasha

Skill      XL: |  1  2 |
---------------+-------+-----
Invocations    | 1 |  1.2
Axes           | 3 |  3.0
Fighting       | |  3.8
Armour         | |  3.5
Shields        | |  3.6

Action                     || total
---------------------------++-------
  Melee: War axe           ||    63
 Armour: Scale mail        ||    44
  Dodge: Dodged            ||    42
  Block: Buckler           ||    18

Table legend: (Time is in decaauts)
 A = Elapsed time spent in this place.
 B = Non-inter-level travel time spent in this place.
 C = Inter-level travel time spent in this place.
 D = Time resting spent in this place.
 E = Time spent auto-exploring this place.
 F = Levels seen in this place.
 G = Mean time per level.
                   A        B        C        D        E       F      G
               +--------+--------+--------+--------+--------+-----+--------+
         Total |    932 |    916 |     16 |      0 |    744 |   2 |  466.0 |
       Dungeon |    932 |    916 |     16 |      0 |    744 |   2 |  466.0 |
               +--------+--------+--------+--------+--------+-----+--------+

Top non-repeatable levels by time:
     D:1: 862 daAuts
     D:2: 70 daAuts
